Map: Dusk Towers

Players

Piry

  • Race: Zerg Zerg
  • League: Platinum

Burt - Winner!

  • Race: Terran Terran
  • League: Platinum

VOD

Have the link to the VOD?

Description

A timing attack opening followed up by constant counter attack tactics leads to a scrappy game.

Time

  • Played on: Dec. 16, 2015, 9:31 p.m.
  • Length: 34:12
Show
View Real Time Build Order
Export as new Build Order

Piry Zerg 

Build Orders: Hatch First 

Get SALT Encoding   

  12  0:01  Drone  
  13  0:12  Overlord  
  13  0:18  Drone  
  14  0:31  Drone x2  
  16  0:36  Drone  
  17  0:54  Hatchery  
  17  0:56  Drone  
  17  0:59  Drone  
  18  1:09  Extractor  
  18  1:10  Drone  
  18  1:20  Spawning Pool  
  17  1:28  Drone  
  18  1:33  Drone  
  18  1:39  Overlord  
  19  1:53  Drone  
  20  2:07  Queen  
  20  2:08  Queen  
  24  2:11  Metabolic Boost  
  24  2:13  Zergling x6  
  27  2:19  Drone  
  28  2:31  Drone x2  
  30  2:38  Overlord  
  30  2:51  Drone x3  
  30  2:54  Drone  
  34  3:04  Drone  
  35  3:10  Drone x2  
  37  3:18  Hatchery, Drone x4  
  37  3:19  Drone x2  
  42  3:23  Drone  
  43  3:38  Overlord  
  43  3:44  Roach Warren  
  43  3:47  Queen  
  44  3:53  Extractor  
  44  3:54  Lair  
  44  3:55  Evolution Chamber  
  42  3:56  Overlord  
  42  3:58  Evolution Chamber, Drone x2  
  42  3:59  Drone x2  
  45  4:17  Drone x2  
  45  4:18  Drone  
  45  4:19  Extractor  
  47  4:30  Queen  
  49  4:39  Extractor  
  49  4:43  Zergling x2  
  49  4:44  Roach x4  
  56  4:47  Drone x2  
  56  4:52  Drone  
  59  4:53  Drone x3  
  59  4:55  Overlord  
  62  5:02  Roach x2  
  65  5:14  Roach x2  
  65  5:22  Roach  
  65  5:23  Roach x3  
  65  5:25  Overlord x2  
  65  5:26  Ravager  
  74  5:35  Queen  
  74  5:43  Ravager x2  
  74  5:44  Ravager  
  74  5:47  Roach x6  
  74  5:49  Overlord  
  84  6:02  Roach  
  84  6:10  Roach x4  
  68  6:20  Roach x3  
  68  6:21  Roach  
  68  6:23  Queen  
  68  6:24  Glial Reconstitution  
  78  6:27  Hatchery  
  77  6:44  Drone  
  78  6:50  Zerg Missile Weapons Level 1  
  78  6:51  Zerg Ground Armor Level 1  
  78  6:52  Overlord x3  
  78  7:00  Zergling x4  
  80  7:09  Hatchery  
  79  7:39  Hatchery  
  79  7:41  Overseer  
  79  7:42  Extractor  
  79  7:43  Overlord  
  77  7:46  Queen, Extractor  
  77  7:48  Drone x2  
  77  7:49  Drone x11  
  91  7:58  Roach x2  
  95  8:13  Drone x7  
  102  8:20  Burrow, Tunneling Claws  
  102  8:21  Queen  
  104  8:29  Overseer  
  104  8:37  Roach  
  104  8:38  Roach x7  
  104  8:41  Drone  
  120  8:52  Spire  
  120  8:53  Zerg Missile Weapons Level 2  
  120  8:55  Zerg Ground Armor Level 2  
  119  9:04  Pneumatized Carapace  
  119  9:17  Drone x6  
  119  9:20  Overlord x5  
  125  9:38  Overlord  
  125  9:40  Ravager  
  125  9:41  Ravager x7  
  125  9:42  Ravager x4  
  132  10:01  Roach  
  132  10:02  Roach x7  
  132  10:03  Roach x5  
  158  10:13  Roach x3  
  162  10:18  Roach x2  
  162  10:20  Overlord  
  162  10:29  Corruptor  
  162  10:31  Overlord  
  164  10:47  Extractor  
  164  10:48  Roach x4  
  164  10:49  Roach  
  173  10:50  Extractor  
  173  10:52  Overlord x3  
  172  11:11  Drone x2  
  174  11:21  Zerg Flyer Weapons Level 1, Corruptor x3  
  174  11:22  Corruptor  
  182  11:27  Roach x19  
  182  11:28  Infestation Pit, Roach x14  
  181  11:43  Queen  
  183  11:57  Mutalisk  
  183  11:58  Corruptor x5  
  114  12:26  Roach x4, Zergling x4  
  114  12:27  Roach x6  
  114  12:28  Roach x4  
  111  13:01  Roach  
  111  13:02  Roach x7  
  124  13:19  Roach x2  
  128  13:20  Roach  
  126  13:27  Queen  
  126  13:28  Drone  
  126  13:34  Drone  
  130  13:40  Drone x2  
  130  13:41  Drone  
  133  13:47  Drone x2  
  135  13:56  Drone x2  
  137  14:03  Roach x21  
  128  14:18  Ravager  
  101  14:27  Drone x6  
  101  14:28  Drone x6  
  107  14:39  Drone x3  
  107  14:40  Drone  
  107  14:41  Queen  
  107  14:42  Roach x16  
  113  14:49  Extractor  
  112  15:28  Roach x4  
  114  15:29  Roach x8  
  114  15:35  Hive  
  136  15:38  Hatchery  
  135  15:46  Roach x4  
  135  15:47  Roach  
  135  15:48  Hatchery  
  144  16:07  Ravager x8  
  144  16:08  Ravager x12  
  144  16:09  Ravager  
  165  16:16  Drone x4  
  165  16:18  Drone x2  
  171  16:26  Corruptor x2  
  171  16:27  Corruptor  
  172  16:50  Roach x7  
  172  16:51  Roach  
  140  17:08  Drone x7  
  141  17:09  Drone  
  141  17:15  Zerg Ground Armor Level 3  
  145  17:18  Zerg Missile Weapons Level 3  
  145  17:23  Greater Spire  
  145  17:45  Extractor  
  145  17:47  Roach  
  145  17:48  Roach x6  
  145  17:49  Roach x6  
  165  18:16  Mutalisk  
  165  18:17  Corruptor x7  
  168  18:36  Spawning Pool  
  165  18:57  Drone x5  
  165  18:59  Extractor  
  165  19:00  Extractor  
  165  19:02  Drone x3  
  171  19:03  Drone x3  
  171  19:06  Brood Lord x2  
  171  19:07  Extractor, Brood Lord x3  
  171  19:08  Brood Lord  
  185  19:11  Extractor  
  116  19:38  Mutalisk  
  116  19:39  Mutalisk x3  
  93  19:57  Zergling x12  
  93  19:58  Zergling x24  
  93  19:59  Zergling x2  
  102  20:09  Roach Warren  
  89  20:19  Zergling x6  
  89  20:20  Zergling x8  
  60  20:46  Zergling x2  
  60  20:47  Zergling x8  
  64  20:52  Roach x5  
  64  20:53  Roach x2  
  76  21:02  Roach  
  75  21:09  Roach x4  
  78  21:31  Roach x6  
  78  21:32  Roach x2  
  91  21:37  Mutalisk x2  
  91  21:38  Roach x2  
  91  21:39  Drone x26  
  92  21:42  Queen  
  92  21:43  Queen  
  89  21:49  Roach  
  89  21:50  Roach x3  
  95  22:03  Drone x4  
  99  22:28  Roach  
  99  22:29  Roach x6  
  113  22:34  Hatchery  
  112  22:42  Hatchery  
  107  22:50  Zergling x4  
  107  22:51  Zergling x12  
  115  22:52  Zergling x2  
  116  23:08  Queen  
  116  23:09  Queen  
  116  23:10  Drone  
  116  23:34  Drone x5  
  116  23:35  Drone  
  119  23:51  Drone x3  
  121  23:56  Zergling x4  
  123  24:04  Zergling x2  
  123  24:09  Drone x3  
  97  24:26  Zergling x4  
  97  24:27  Roach x4, Zergling x6  
  95  24:47  Roach  
  97  24:54  Drone x6  
  97  24:55  Drone x10  
  97  25:01  Drone x21  
  92  25:22  Extractor  
  91  25:47  Drone x4  
  91  25:48  Drone x2  
  97  25:52  Roach  
  97  25:53  Roach x5  
  109  26:15  Roach x4  
  109  26:16  Roach  
  121  26:29  Roach  
  121  26:30  Roach x3  
  121  26:44  Spawning Pool  
  119  26:56  Roach  
  119  26:58  Roach  
  115  27:30  Drone x9  
  124  27:49  Lair  
  124  27:51  Queen  
  124  27:53  Queen  
  128  28:20  Drone x2  
  128  28:21  Drone x4, Extractor  
  128  28:23  Extractor  
  132  28:33  Queen  
  134  28:36  Queen  
  136  28:57  Queen  
  136  29:00  Spire  
  137  29:09  Queen  
  137  29:37  Roach x23  
  92  30:12  Mutalisk  
  92  30:13  Mutalisk x8  
  92  30:14  Mutalisk x6  
  103  30:15  Mutalisk x2  
  123  30:28  Mutalisk  
  125  30:47  Mutalisk x3  
  127  30:54  Mutalisk  
  123  31:07  Mutalisk x2  
  127  31:15  Drone x11  
  127  31:16  Drone x9  
  125  31:34  Hatchery  
  124  31:42  Hatchery  
  123  31:58  Zerg Flyer Armor Level 1  
  123  32:12  Mutalisk x3  
  123  32:13  Mutalisk x5  
  123  32:15  Overlord  
  139  32:20  Drone  
  139  32:25  Hatchery  
  138  32:32  Hatchery  
  138  32:34  Extractor  
  66  32:51  Roach  
  66  32:52  Roach x5  
  66  32:54  Roach x2  
  76  33:08  Mutalisk x2  
  76  33:09  Mutalisk x2  
  64  33:32  Mutalisk x4  
  72  33:34  Mutalisk  
  65  33:44  Roach x2  
Show
View Real Time Build Order
Export as new Build Order

Burt Terran - Winner!

Build Orders: Liberator Opening, Reaper Expand, Bio Tank, MMM Bio 

Get SALT Encoding   

  12  0:01  SCV  
  13  0:13  SCV  
  14  0:17  Supply Depot  
  14  0:25  SCV  
  15  0:39  SCV  
  15  0:40  Barracks  
  16  0:44  Refinery  
  16  0:51  SCV  
  17  1:03  SCV  
  18  1:15  SCV  
  19  1:27  Reaper  
  19  1:28  Orbital Command  
  20  1:42  Command Center  
  20  1:53  Supply Depot  
  20  1:56  SCV  
  20  1:59  Marine  
  22  2:08  SCV  
  23  2:16  Refinery  
  23  2:17  Factory  
  23  2:21  Barracks Reactor  
  23  2:25  SCV  
  24  2:37  SCV  
  25  2:49  SCV  
  26  2:54  Orbital Command  
  26  3:02  SCV  
  27  3:10  Starport  
  27  3:11  Barracks Tech Lab  
  27  3:13  Hellion x2  
  27  3:14  SCV  
  32  3:22  SCV  
  32  3:26  SCV  
  34  3:31  Liberator  
  34  3:34  SCV  
  34  3:38  SCV  
  35  3:44  Hellion x2  
  35  3:46  SCV, Stimpack, Marine  
  41  3:50  SCV  
  45  3:56  Supply Depot  
  45  3:58  SCV  
  46  4:06  Supply Depot  
  46  4:09  Marine  
  52  4:10  SCV x2, Hellion x2  
  52  4:14  Liberator  
  53  4:22  SCV x2  
  55  4:26  Armory  
  55  4:27  Marine  
  59  4:43  Hellion x2  
  59  4:45  Marine  
  64  4:49  SCV x2  
  66  4:58  Supply Depot  
  66  5:01  SCV x2  
  66  5:03  Marine  
  69  5:09  Liberator  
  69  5:20  Hellion x2, Marine  
  77  5:29  SCV  
  77  5:31  Terran Vehicle And Ship Armor Level 1  
  78  5:37  Supply Depot  
  78  5:59  SCV x2, Hellion, Marine  
  78  6:02  Liberator  
  72  6:11  SCV x2  
  72  6:16  Marine  
  64  6:23  SCV, Hellion x2  
  66  6:28  Command Center  
  66  6:34  Marine  
  66  6:35  SCV x2  
  66  6:36  Barracks  
  66  6:37  Engineering Bay, Barracks  
  66  6:38  Barracks  
  69  6:40  Engineering Bay, Barracks  
  69  6:41  Refinery  
  69  6:47  SCV x2, Refinery  
  71  7:07  Siege Tank  
  74  7:08  Starport Reactor  
  74  7:09  Marine x2  
  74  7:15  SCV x2  
  78  7:23  Terran Infantry Weapons Level 1  
  78  7:26  Terran Infantry Armor Level 1  
  78  7:27  SCV x2  
  80  7:39  SCV x2  
  80  7:42  Supply Depot  
  82  7:45  Supply Depot  
  82  7:49  Barracks Reactor, Barracks Tech Lab  
  82  7:50  Barracks Reactor  
  82  7:51  Barracks Tech Lab  
  82  7:52  Orbital Command  
  82  7:57  Missile Turret  
  82  8:05  Missile Turret  
  82  8:06  Missile Turret  
  82  8:07  SCV x2, Missile Turret, Terran Vehicle And Ship Armor Level 2  
  82  8:10  Combat Shields  
  82  8:11  Missile Turret  
  84  8:13  Marine, Marauder x2  
  84  8:14  Marine  
  84  8:15  Siege Tank  
  84  8:18  Medivac  
  84  8:19  SCV x2  
  97  8:20  Missile Turret  
  97  8:25  Orbital Command  
  97  8:26  Missile Turret  
  97  8:31  SCV, Marine  
  97  8:32  Marine x2  
  97  8:33  Marine x3  
  104  8:34  Marine x2  
  104  8:35  SCV, Missile Turret  
  107  8:43  SCV  
  107  8:47  SCV  
  109  8:49  Supply Depot  
  109  8:50  Supply Depot, Refinery  
  109  8:52  Supply Depot  
  109  8:55  SCV  
  110  8:56  Missile Turret  
  110  8:57  SCV, Refinery  
  110  8:58  Missile Turret  
  110  8:59  SCV, Missile Turret  
  110  9:00  Supply Depot  
  110  9:01  Missile Turret  
  112  9:07  SCV  
  112  9:09  SCV  
  114  9:11  SCV  
  115  9:19  SCV  
  115  9:23  SCV  
  115  9:24  SCV  
  118  9:25  Marine x3  
  118  9:26  Marine x5  
  118  9:27  Siege Tank  
  118  9:28  Medivac x2  
  133  9:31  SCV  
  134  9:43  Marine  
  124  10:08  Marine x3  
  124  10:09  Missile Turret, Marine x5  
  124  10:10  Siege Tank, Medivac x2  
  129  10:32  Marine x7  
  129  10:33  Marine  
  137  10:36  SCV x3  
  137  10:37  Terran Infantry Weapons Level 2  
  137  10:40  Medivac  
  137  10:42  Siege Tank, Medivac  
  147  10:44  Terran Infantry Armor Level 2  
  147  10:48  SCV x2  
  149  11:07  Command Center, SCV x3, Marine x5  
  157  11:12  Command Center  
  157  11:19  SCV, Medivac x2, Marine x3  
  157  11:20  SCV x2, Siege Tank  
  157  11:25  Marine x5  
  175  11:31  SCV  
  176  11:35  Command Center  
  176  11:37  Refinery  
  176  11:45  Missile Turret  
  176  11:47  SCV x3, Marine  
  176  11:48  Marine  
  181  11:59  Supply Depot  
  181  12:08  SCV, Marine x5  
  180  12:09  Marine  
  180  12:10  Marine x2  
  139  12:24  Siege Tank  
  139  12:25  Marine x2  
  139  12:26  Marine x3  
  138  12:34  Marine  
  138  12:35  Marine x2  
  138  12:37  Medivac x2  
  140  12:38  SCV x3  
  140  12:39  Terran Vehicle And Ship Armor Level 3  
  140  12:43  Marine x2  
  140  12:44  Marine x3  
  147  12:50  SCV x2  
  147  12:52  Marine  
  124  13:14  Marine x3  
  124  13:18  Marine x5  
  124  13:19  Siege Tank  
  123  13:32  Marine x3  
  123  13:35  Marine  
  123  13:37  Refinery  
  123  13:40  Planetary Fortress, Refinery  
  124  13:51  Siege Tank  
  124  13:55  Marine x6  
  133  14:13  Marine x6  
  133  14:15  Marine x2  
  137  14:23  Siege Tank  
  125  14:30  Marine  
  110  14:36  Marine x5  
  110  14:37  Marine x2  
  110  14:38  Medivac  
  106  14:45  Medivac  
  108  14:56  Siege Tank  
  108  14:57  Missile Turret  
  111  15:03  Missile Turret  
  111  15:04  SCV x2  
  111  15:05  Marine  
  111  15:06  Marine  
  115  15:08  Medivac  
  112  15:16  SCV x2  
  114  15:26  Planetary Fortress  
  114  15:28  SCV  
  114  15:31  Marine x7  
  122  15:51  Siege Tank  
  122  15:54  Terran Infantry Weapons Level 3  
  122  15:56  Terran Infantry Armor Level 3  
  122  16:09  Marine  
  122  16:10  Marine x5  
  128  16:23  Marine x2  
  128  16:25  Siege Tank  
  133  16:27  Marine x3  
  133  16:28  Marine x2  
  138  16:33  Supply Depot  
  134  16:48  Marine  
  134  16:49  Marine x2  
  130  17:03  Liberator x2  
  130  17:17  Barracks, Marine x6  
  130  17:18  Factory Tech Lab  
  142  17:29  Supply Depot, SCV  
  144  17:30  SCV x2  
  144  17:31  Supply Depot  
  144  17:35  Marine  
  146  17:41  SCV  
  146  17:42  SCV x2  
  146  17:44  Marine x5  
  149  17:46  Siege Tank  
  157  17:52  Marine  
  157  17:54  SCV x3  
  161  18:02  Marine x2  
  161  18:03  Medivac x2  
  166  18:06  SCV x2  
  168  18:18  Siege Tank  
  165  18:25  Marine x5  
  165  18:26  Marine  
  168  18:27  SCV x3  
  168  18:30  Terran Vehicle Weapons Level 1  
  168  18:33  Medivac x2  
  170  18:39  SCV x3  
  173  18:43  Marine x3  
  174  18:50  Marine x3  
  174  18:52  Siege Tank  
  174  18:59  Refinery  
  174  19:00  Missile Turret  
  174  19:01  Marine x3  
  174  19:02  Refinery  
  177  19:03  Medivac  
  177  19:06  Command Center  
  177  19:08  Marine x3  
  177  19:09  Medivac  
  184  19:18  Marine x2  
  184  19:19  Marine  
  187  19:26  Marine  
  188  19:33  Medivac  
  174  19:39  Medivac  
  144  20:28  Marine x6  
  137  20:36  Siege Tank  
  137  20:39  SCV x3  
  137  20:40  Building Armor  
  141  20:44  Medivac x2  
  141  20:46  Marine x6  
  141  20:48  Terran Ship Weapons Level 1  
  149  20:51  SCV x2  
  148  21:03  Marine  
  148  21:04  Marine x5  
  149  21:14  Medivac x2  
  152  21:21  Marine x3  
  152  21:22  Marauder, Marine x2  
  152  21:23  SCV x3  
  156  21:35  SCV  
  156  21:39  Marine x3  
  153  21:41  Marine x4  
  153  21:46  Viking x2  
  154  21:52  Command Center  
  140  22:07  Command Center  
  140  22:08  Planetary Fortress  
  139  22:10  SCV  
  139  22:11  SCV x2  
  142  22:15  Marine  
  142  22:16  Viking x2, Marine x7  
  154  22:23  SCV  
  155  22:33  Marine x2  
  155  22:34  Marine  
  155  22:35  Refinery, Siege Tank  
  155  22:36  Marine x5  
  166  22:38  Refinery  
  151  22:51  Marine x3  
  151  22:53  Marine  
  151  22:54  Marine x2  
  126  23:20  Marine x7  
  126  23:21  Siege Tank, Marine  
  137  23:29  Viking  
  137  23:30  Viking  
  126  23:51  Command Center  
  121  24:07  Viking x2  
  117  24:41  Command Center  
  117  24:44  Barracks  
  117  24:45  Barracks  
  114  24:46  Barracks  
  114  24:49  Barracks  
  114  24:52  Barracks x2  
  109  24:53  Barracks  
  109  24:56  Barracks  
  106  25:13  Barracks  
  98  25:14  Barracks  
  98  25:17  Refinery, Barracks  
  98  25:18  Refinery  
  92  25:24  Orbital Command  
  92  25:31  Barracks  
  92  25:33  Barracks  
  92  25:35  Barracks  
  92  25:39  Factory  
  92  25:43  Planetary Fortress  
  90  26:12  Barracks Reactor x2  
  90  26:13  Missile Turret  
  90  26:14  Missile Turret  
  90  26:16  Missile Turret  
  90  26:18  Barracks  
  90  26:19  Barracks  
  90  26:22  Marine x3  
  94  26:32  Orbital Command  
  91  26:44  Starport  
  91  26:45  Starport  
  90  26:49  Starport  
  87  27:07  Engineering Bay  
  77  27:21  Barracks Reactor  
  77  27:22  Barracks Reactor  
  75  27:24  Starport Tech Lab  
  75  27:26  Starport Tech Lab  
  77  27:32  Starport Tech Lab  
  77  27:36  Factory Tech Lab  
  75  27:41  Barracks Tech Lab  
  75  27:55  Barracks Tech Lab, Siege Tank  
  75  27:56  Orbital Command  
  75  27:57  Banshee  
  81  27:59  Cloaking Field  
  81  28:02  Marine  
  81  28:03  Marine x7  
  90  28:05  Banshee  
  90  28:10  Missile Turret  
  93  28:15  Banshee  
  96  28:20  Marine x2  
  96  28:21  Marine x2  
  99  28:29  Marine x2  
  99  28:30  Marine x3  
  99  28:31  SCV x2, Siege Tank  
  99  28:32  SCV x3  
  113  28:39  Banshee  
  113  28:40  Marine x2  
  113  28:41  Marine x4  
  120  28:43  SCV  
  120  28:44  SCV x3  
  120  28:45  SCV  
  120  28:47  Marine x3  
  129  28:53  Supply Depot  
  129  29:06  Marine  
  129  29:14  Banshee x2, Marine x2  
  137  29:21  SCV, Marine  
  137  29:22  SCV, Marine  
  137  29:23  Marine  
  136  29:24  Banshee  
  136  29:25  Marine  
  136  29:26  Marine x2  
  130  30:52  Orbital Command  
  130  31:09  Marine x3  
  122  31:11  Supply Depot x2  
  122  31:12  SCV x2, Marine x3  
  130  31:20  Supply Depot  
  130  31:23  SCV, Marine x2  
  130  31:31  SCV, Marine x2  
  130  31:33  SCV, Siege Tank, Raven x3, Marine x6  
  130  31:35  SCV  
  144  31:40  Marine x2  
  144  31:45  SCV  
  147  31:47  SCV  
  147  31:48  Marine x2  
  147  31:50  Marine x4  
  147  31:53  Supply Depot  
  154  31:55  Supply Depot  
  154  31:58  Marine x4  
  158  32:06  Marine x2  
  160  32:08  Marine  
  161  32:16  Missile Turret, Orbital Command  
  161  32:17  Missile Turret  
  161  32:20  Marine x6  
  163  32:27  Siege Tank, Raven, Marine x3  
  163  32:28  Supply Depot  
  171  32:41  Marine  
  171  32:43  Marine x4  
  171  32:44  Raven  
  171  32:46  Raven  
  170  33:00  Siege Tank  
  171  33:20  Marine x2  
  171  33:21  Marine x6  
  171  33:26  Marine  
  179  33:27  Marine  
  173  33:38  Marine  
  171  33:44  Marine x5  
  171  33:45  Marine x3  
Tags
 
Add a new tag
Caveats
  • Supply blocks, unpowered buildings, or Contaminate may cause inaccurate times.
  • Supply counts are checked every 10 seconds.